 Dungeon Crawl Stone Soup version 0.30-a0-721-ga6a225cb13 (webtiles) character file.

Game seed: 7177268510283337895

924 Bnni the Skirmisher (level 8, -2/64 HPs)
             Began as a Formicid Hunter on Jan 27, 2023.
             Slain by Pikel
             ... wielding a +0 whip of flaming
              (12 damage)
             ... on level 4 of the Dungeon.
             The game lasted 00:06:25 (4434 turns).

Bnni the Skirmisher (Formicid Hunter)               Turns: 4434, Time: 00:06:25

Health: -2/64      AC:  4    Str: 15    XL:     8   Next: 32%
Magic:  8/8        EV: 12    Int: 10    God:
Gold:   210        SH:  0    Dex: 19    Spells: 7/7 levels left

rFire   . . .      SeeInvis +    g - +2 short sword (elec)
rCold   . . .      Faith    .    (no shield)
rNeg    + . .      Spirit   .    c - +0 leather armour
rPois   .          Reflect  .    (helmet unavailable)
rElec   .          Harm     .    (no cloak)
rCorr   .          Rampage  .    r - +0 pair of gloves
Will    +....                    (no boots)
Stlth   ++                       (no amulet)
HPRegen 0.30/turn                d - ring of willpower
MPRegen 0.11/turn                B - ring of positive energy

@: mighty
A: permanent stasis, dig shafts and tunnels, antennae 3, four strong arms
a: Dig, Shaft Self


You were on level 4 of the Dungeon.
You visited 1 branch of the dungeon, and saw 5 of its levels.
You also visited: Sewer.

You collected 210 gold pieces.

Inventory:

Hand Weapons
 a - a +0 shortbow
 g - a +2 short sword of electrocution (weapon)
Missiles
 x - 9 poisoned darts
Armour
 c - a +0 leather armour (worn)
 r - a +0 pair of gloves (worn)
 C - a +0 kite shield
Jewellery
 d - a ring of willpower (left hand)
 B - a ring of positive energy (right hand)
Wands
 p - a wand of charming (9)
 A - a wand of quicksilver (12)
Scrolls
 b - 2 scrolls of immolation
 e - 3 scrolls of identify {unknown}
 i - 3 scrolls of teleportation {unknown}
 k - 2 scrolls of vulnerability {unknown}
 w - 2 scrolls of amnesia {unknown}
 y - a scroll of silence {unknown}
Potions
 f - 3 potions of haste {unknown}
 h - a potion of mutation {unknown}
 j - a potion of berserk rage {unknown}
 l - 4 potions of might
 n - a potion of degeneration {unknown}
 o - 2 potions of brilliance {unknown}
 q - a potion of ambrosia {unknown}
 s - a potion of heal wounds {unknown}
 u - a potion of resistance {unknown}
 v - a potion of invisibility {unknown}
 z - a potion of lignification {unknown}


   Skills:
 + Level 5.8 Fighting
 * Level 8.2 Ranged Weapons
 - Level 1.7 Dodging
 - Level 1.2 Stealth
 + Level 2.5 Shields


You had 7 spell levels left.
You didn't know any spells.
Your spell library contained the following spells:

 Spells                   Type           Power      Damage    Failure   Level
 Cigotuvi's Dreadful Rot  Necr/Pois/Air  0%         N/A       56%         2
 Poisonous Vapours        Pois/Air       0%         N/A       56%         2
 Mephitic Cloud           Conj/Pois/Air  0%         N/A       80%         3


Dungeon Overview and Level Annotations

Branches:
Dungeon (5/15)              Sewer (visited)
 Temple: D:4-7

Altars:
Wu Jian
Xom
The Shining One

Shops:
D:4 (

Portals:
Abyss: D:4

Annotations:
D:4 2 transporters, Pikel; Zaque's ghost, novice MiBe


Innate Abilities, Weirdness & Mutations

You cannot be hasted, slowed, berserked, paralysed or teleported.
You can dig through walls and to a lower floor.
You have a pair of large antennae on your head. (SInv)
Your four strong arms can wield two-handed weapons with a shield.


Message History

Pikel is heavily wounded.
Pikel hits you with a +0 whip of flaming.
* * * LOW HITPOINT WARNING * * *
Pikel burns you.
* * * LOW HITPOINT WARNING * * *
You completely miss Pikel.
Pikel is heavily wounded.
Pikel hits you with a +0 whip of flaming!
* * * LOW HITPOINT WARNING * * *
Pikel burns you.
* * * LOW HITPOINT WARNING * * *
You feel better. Pikel closely misses you.
You feel better.
Pikel hits you with a +0 whip of flaming.
* * * LOW HITPOINT WARNING * * *
Pikel burns you.
* * * LOW HITPOINT WARNING * * *
You feel better.
Pikel hits you with a +0 whip of flaming!
* * * LOW HITPOINT WARNING * * *
Pikel burns you.
* * * LOW HITPOINT WARNING * * *
You feel better.
Pikel hits you with a +0 whip of flaming.
* * * LOW HITPOINT WARNING * * *
Pikel burns you.
* * * LOW HITPOINT WARNING * * *
You hit Pikel.
Pikel is heavily wounded.
Pikel hits you with a +0 whip of flaming.
* * * LOW HITPOINT WARNING * * *
Pikel burns you.
* * * LOW HITPOINT WARNING * * *
It was a potion of might.
You feel very mighty all of a sudden. Pikel closely misses you.
You closely miss Pikel.
Pikel is heavily wounded.
Pikel hits you with a +0 whip of flaming!
You die...

#.........# #.# ##
#.#######.###.# #. #.#
##.##..########. #.#
#............... ##.###
#..##..........) #....#
##..##.#.........
#..#.###...##.####.##.#.
#..#.#.K...##...........
#......@...##.#######.##
####+#.###..#.# #.##
#......####.#<#######.##
#......#...........#..##
#......#...##..#####..##
######.............#..##
########.#..#.#..##
#.##.#.........
#.##.#..#.#.###


You could see Pikel.

Vanquished Creatures
  Sigmund (D:3)
  2 kobold brigands (Sewer)
  A necrophage (D:4)
  A wyvern zombie (D:5)
  A scorpion (D:5)
  A hound (D:3)
  A jelly (D:5)
  A bullfrog skeleton (D:5)
  Jessica (D:3)
  Ijyb (D:3)
  An iguana (D:4)
  A scorpion zombie (D:5)
  4 gnolls (D:2)
  4 adders
  A howler monkey skeleton (D:5)
  5 river rats (Sewer)
  A white imp (D:3)
  An ufetubus (D:4)
  3 worms
  5 dart slugs
  2 orcs
  6 bats
  6 endoplasms
  6 giant cockroaches
  4 hobgoblins
  2 jackals (D:3)
  8 quokkas
  8 ball pythons
  3 frilled lizards
  4 goblins
  3 goblin skeletons (D:3)
  A goblin zombie (D:3)
  A hobgoblin zombie (D:3)
  18 kobolds
  A kobold zombie (D:3)
  An orc skeleton (D:3)
  2 orc zombies (D:3)
  17 rats
130 creatures vanquished.

Vanquished Creatures (others)
  A withered plant (D:5)
1 creature vanquished.

Grand Total: 131 creatures vanquished

Notes
Turn   | Place    | Note
-------+----------+-------------------------------------------
     0 | D:1      | Bnni the Formicid Hunter began the quest for the Orb.
     0 | D:1      | Reached XP level 1. HP: 16/16 MP: 1/1
   123 | D:1      | Reached XP level 2. HP: 18/23 MP: 2/2
   883 | D:2      | Found a faded altar of an unknown god.
   885 | D:2      | Reached XP level 3. HP: 28/28 MP: 3/3
  1162 | D:2      | Reached skill level 5 in Ranged Weapons
  1162 | D:2      | Reached XP level 4. HP: 35/35 MP: 4/4
  1584 | D:3      | Noticed Sigmund
  1584 | D:3      | Found a shimmering altar of Xom.
  1594 | D:3      | Killed Sigmund
  1595 | D:3      | Reached skill level 6 in Ranged Weapons
  1595 | D:3      | Reached XP level 5. HP: 39/42 MP: 5/5
  1595 | D:3      | Reached XP level 6. HP: 44/48 MP: 6/6
  1605 | D:3      | Noticed Ijyb
  1613 | D:3      | Killed Ijyb
  1615 | D:3      | Found a glowing golden altar of the Shining One.
  1833 | D:3      | Found a glowing drain.
  1870 | Sewer    | Entered a sewer
  1972 | Sewer    | Reached XP level 7. HP: 35/55 MP: 7/7
  2141 | Sewer    | Reached skill level 7 in Ranged Weapons
  2340 | Sewer    | Reached skill level 5 in Fighting
  2816 | D:3      | Noticed Jessica
  2818 | D:3      | Killed Jessica
  2944 | D:3      | You fall into a shaft and drop 2 floors!
  2944 | D:5      | Entered Level 5 of the Dungeon
  3052 | D:3      | Found a shimmering altar of Xom.
  3052 | D:3      | Found a shimmering altar of Xom.
  3053 | D:3      | Found a shimmering altar of Xom.
  3053 | D:3      | Found a shimmering altar of Xom.
  3053 | D:3      | Found a shimmering altar of Xom.
  3053 | D:3      | Found a shimmering altar of Xom.
  3054 | D:3      | Found a shimmering altar of Xom.
  3056 | D:3      | Found a shimmering altar of Xom.
  3056 | D:3      | Found a shimmering altar of Xom.
  3248 | D:4      | Noticed a small abomination
  3248 | D:4      | Noticed Zaque's ghost (novice MiBe)
  3249 | D:4      | Found a one-way gate to the infinite horrors of the Abyss.
  3251 | D:4      | Found a transporter.
  3282 | D:4      | Found a transporter.
  3630 | D:4      | Found an ornate altar of the Wu Jian Council.
  3639 | D:4      | Reached skill level 1 in Shields
  3701 | D:4      | Found Paplit's Antique Weapon Shoppe.
  3794 | D:4      | Reached XP level 8. HP: 53/63 MP: 8/8
  3893 | D:5      | Reached skill level 8 in Ranged Weapons
  4386 | D:5      | Noticed Pikel
  4427 | D:4      | HP: 1/64 [Pikel/+0 whip of flaming (3)]
  4434 | D:4      | Slain by Pikel

Illustrated notes

Levels and vault maps discovered:
D:1:      dpeg_arrival_castle, layout_basic, st_stairs_12
D:2:      layout_loops_ring, hellmonk_ecumenical_altar_zigzags
D:3:      layout_basic, nicolae_tso_besieged_by_evil, xom_redecorated,
          gup_sewer_entry_pipe, uniq_jessica, uniq_sigmund, uniq_ijyb
D:4:      layout_basic, mainiacjoe_overflow_paths,
          gammafunk_ghost_abyssal_escape, serial_shops, nicolae_shop_crystal
D:5:      layout_cave_pools, nemelex_xobeh_ov_fountains_minmay, serial_undead,
          serial_undead_a, serial_undead_b, serial_undead_e, serial_undead_f,
          serial_undead_e, serial_undead_c, serial_undead_b,
          kb_lookout_dungeons_type, bh_walls_and_bars, uniq_blork_the_orc,
          uniq_pikel

Skill      XL: |  1  2  3  4  5  6  7  8 |
---------------+-------------------------+-----
Fighting       | 3 4 5 |  5.8
Ranged Weapons | 5 6 7 8 |  8.2
Shields        | 1 2 |  2.5
Dodging        | |  1.7
Stealth        | |  1.2

Action                     |  1- 3 |  4- 6 |  7- 9 || total
---------------------------+-------+-------+-------++-------
  Melee: Short sword       |       |    39 |    33 ||    72
         Punch             |       |     2 |     1 ||     3
   Fire: Shortbow          |    71 |    69 |   203 ||   343
  Throw: Dart              |       |       |     6 ||     6
Ability: Dig               |       |     1 |       ||     1
    Use: Potion            |       |       |     7 ||     7
   Stab: Sleeping          |       |     1 |       ||     1
 Armour: Leather armour    |     5 |    19 |    18 ||    42
  Dodge: Dodged            |    21 |    29 |    91 ||   141

Table legend: (Time is in decaauts)
 A = Elapsed time spent in this place.
 B = Non-inter-level travel time spent in this place.
 C = Inter-level travel time spent in this place.
 D = Time resting spent in this place.
 E = Time spent auto-exploring this place.
 F = Levels seen in this place.
 G = Mean time per level.
                   A        B        C        D        E       F      G
               +--------+--------+--------+--------+--------+-----+--------+
         Total |   4517 |   4336 |    181 |    406 |   3083 |   6 |  752.8 |
       Dungeon |   3647 |   3466 |    181 |    272 |   2544 |   5 |  729.4 |
         Sewer |    869 |    869 |      0 |    134 |    539 |   1 |  869.0 |
               +--------+--------+--------+--------+--------+-----+--------+

Top non-repeatable levels by time:
     D:4: 969 daAuts
   Sewer: 869 daAuts
     D:2: 830 daAuts
     D:1: 786 daAuts
     D:3: 690 daAuts
     D:5: 371 daAuts
